 Dungeon Crawl Stone Soup version 0.31-a0-229-g1fc7ce93e2 (webtiles) character file.

Game seed: 7172918735622412160

53 qw the Shooter (level 3, 0/29 HPs)
             Began as a Minotaur Hexslinger on July 6, 2023.
             Succumbed to an adder's poison
             ... on level 2 of the Dungeon.
             The game lasted 00:00:26 (1147 turns).

qw the Shooter (Minotaur Hexslinger)                Turns: 1147, Time: 00:00:26

Health: 0/29       AC:  2    Str: 12    XL:     3   Next: 64%
Magic:  3/3        EV: 12    Int: 10    God:
Gold:   61         SH:  0    Dex: 14    Spells: 3/4 levels left

rFire   + . .        Y - +1 sling
rCold   . . .        (no shield)
rNeg    . . .        c - +0 robe
rPois   .            (helmet restricted)
rElec   .            (no cloak)
rCorr   .            (no gloves)
SInv    .            (no boots)
Will    .....        (no amulet)
Stlth   +            g - ring of protection from fire
HPRegen 0.24/turn    (no ring)
MPRegen 0.08/turn

%: no passive effects
@: lethally poisoned (0 -> -2)
A: horns 2, retaliatory headbutt
a: no special abilities


You were on level 2 of the Dungeon.
You visited 1 branch of the dungeon, and saw 2 of its levels.

You collected 61 gold pieces.


Innate Abilities, Weirdness & Mutations

You have a pair of horns on your head.
You reflexively headbutt those who attack you in melee.


   Skills:
 - Level 2.0 Fighting
 + Level 4.2 Ranged Weapons
 - Level 2.1 Dodging
 - Level 1.0 Spellcasting
 - Level 2.0 Hexes


You had 3 spell levels left.
You knew the following spells:

 Your Spells              Type           Power      Damage    Failure   Level
a - Slow                  Hex            16%        N/A       16%         1

Your spell library contained the following spells:

 Spells                   Type           Power      Damage    Failure   Level
 Inner Flame              Hex/Fire       2%         N/A       56%         3
 Portal Projectile        Hex/Tloc       4%         N/A       56%         3
 Cause Fear               Hex            2%         N/A       83%         4

Inventory:

Hand Weapons
 Y - a +1 sling (weapon)
Armour
 c - a +0 robe (worn)
Jewellery
 g - a ring of protection from fire (left hand)
Potions
 d - a potion of invisibility {unknown}
 e - a potion of mutation {unknown}
 i - a potion of enlightenment {unknown}
 k - 2 potions of curing {unknown}

Dungeon Overview and Level Annotations

Branches:
Dungeon (2/15)

Altars:


Message History

A hobgoblin comes into view. It is quivering poisoned darts.
You shoot a sling bullet.
The sling bullet closely misses the jackal.
The jackal closely misses you. The jackal misses you.
You shoot a sling bullet.
The sling bullet barely misses the jackal.
The jackal bites you.
You shoot a sling bullet.
The sling bullet closely misses the jackal.
The jackal barely misses you. The jackal closely misses you.
You shoot a sling bullet. The sling bullet hits the jackal.
You kill the jackal!
The adder bites you.
You are poisoned.
The adder poisons you! The adder bites you.
You are more poisoned.
The adder poisons you!
You shoot a sling bullet.
The sling bullet hits the adder but does no damage.
You feel very sick. The adder bites you. The hobgoblin hits you.
You shoot a sling bullet.
The sling bullet closely misses the adder.
You feel very sick. The adder bites you. The hobgoblin hits you.
The adder misses you.
You shoot a sling bullet. The sling bullet hits the adder.
The adder is moderately wounded.
You feel sick. The adder barely misses you. The hobgoblin misses you.
You shoot a sling bullet. The sling bullet misses the adder.
You feel sick. The adder barely misses you. You furiously retaliate!
You headbutt the adder!
You kill the adder!
The hobgoblin barely misses you. You furiously retaliate!
You headbutt the hobgoblin. You shoot a sling bullet.
The sling bullet closely misses the hobgoblin.
You feel sick. The hobgoblin hits you.
You shoot a sling bullet.
The sling bullet barely misses the hobgoblin.
You die...

# ......... # .........
# ......... #.#...#...##
..#.>....%.# #
............# .#.
#......##.g.#
...##......# #@.### #
##.....#...###.%..##
###............#.....#
......#..#.%#...#....#
........................
.............##......##.
P.....##.###...........
P.....##.# ######.......
P.....##.## .......


You could see a hobgoblin.

Vanquished Creatures
  An adder (D:2)
  A dart slug (D:1)
  4 ball pythons
  5 endoplasms
  A giant cockroach (D:1)
  2 goblins
  4 hobgoblins (D:1)
  4 jackals (D:2)
  2 quokkas (D:1)
  5 bats
  A frilled lizard (D:1)
  2 kobolds
  6 rats
38 creatures vanquished.

Notes
Turn   | Place    | Note
-------+----------+-------------------------------------------
     0 | D:1      | qw the Minotaur Hexslinger began the quest for the Orb.
     0 | D:1      | Reached XP level 1. HP: 16/16 MP: 1/1
     0 | D:1      | 0 ||| qw: Version: 0.3-a-46-gb1f654a
     0 | D:1      | 0 ||| qw: Game counter: 1365
     0 | D:1      | 0 ||| qw: Melee chars always use a shield: true
     0 | D:1      | 0 ||| qw: God list: Okawaru
     0 | D:1      | 0 ||| qw: Allow faded altars: false
     0 | D:1      | 0 ||| qw: Do Orc after clearing Dungeon:15 true
     0 | D:1      | 0 ||| qw: Do second Lair branch before Depths: true
     0 | D:1      | 0 ||| qw: Lair rune preference: random
     0 | D:1      | 0 ||| qw: Goals: Normal
     0 | D:1      | 0 ||| PLANNING D:1-11
   206 | D:1      | Reached skill level 3 in Ranged Weapons
   285 | D:1      | Reached XP level 2. HP: 21/23 MP: 2/2
   804 | D:1      | Reached XP level 3. HP: 29/29 MP: 3/3
   991 | D:1      | 991 ||| UPGRADING to ring of protection from fire.
   992 | D:1      | 992 ||| READING scroll labelled JOISKI BOAJAE.
   993 | D:1      | 993 ||| READING scroll labelled VEARAB CITEICE.
   994 | D:1      | 994 ||| READING scroll labelled PETZUQ OG TILE.
   995 | D:1      | 995 ||| READING scroll labelled OMMOSU QAELASO.
   996 | D:1      | 996 ||| DROPPING scroll of poison.
  1058 | D:2      | Found a faded altar of an unknown god.
  1137 | D:2      | Reached skill level 4 in Ranged Weapons
  1143 | D:2      | HP: 7/29 [hobgoblin (5)]
  1146 | D:2      | HP: 3/29 [poisoned by an adder]
  1146 | D:2      | HP: 1/29 [hobgoblin (2)]
  1147 | D:2      | Succumbed to an adder's poison

Levels and vault maps discovered:
D:1:      minmay_arrival_jagged, layout_basic
D:2:      layout_rooms, dreamdust_ecumenical_altar_grove

Skill      XL: |  1  2  3 |
---------------+----------+-----
Ranged Weapons | 3 4 |  4.2
Fighting       | 2 |  2.0
Dodging        | |  2.1
Spellcasting   | |  1.0
Hexes          | |  2.0

Action                     || total
---------------------------++-------
   Fire: Sling             ||   103
    Use: Scroll            ||     4
 Armour: Robe              ||     2
  Dodge: Dodged            ||    31

Table legend:
 A = Non-vault XP
 B = Vault XP
 C = Vault XP percentage of total XP
 D = Non-vault monster count
 E = Vault monster count
 F = Vault count percentage of total count
                 A         B        C        D         E       F
            +---------+---------+-------+---------+---------+-------
      Total |      77 |       0 |   0.0 |      38 |       0 |   0.0
            +---------+---------+-------+---------+---------+-------
        D:1 |      45 |       0 |   0.0 |      26 |       0 |   0.0
        D:2 |      32 |       0 |   0.0 |      12 |       0 |   0.0
            +---------+---------+-------+---------+---------+-------
